 Dungeon Crawl Stone Soup version 0.30.1-9-gdf580d7c3d (webtiles) character file.

Game seed: 10493569183127849833

67 101zpm the Magician (level 4, 0/31 HPs)
             Began as a Djinni Fire Elementalist on Sept 29, 2023.
             Slain by Terence
             ... wielding a +0 flail
              (5 damage)
             ... on level 2 of the Dungeon.
             The game lasted 00:05:48 (770 turns).

101zpm the Magician (Djinni Fire Elementalist)       Turns: 770, Time: 00:05:49

Health: 0/31       AC:  2    Str:  7    XL:     4   Next: 38%
Gold:   23         EV: 12    Int: 19    God:
                   SH:  0    Dex: 13

rFire   + + .        (no weapon)
rCold   x . .        (no shield)
rNeg    . . .        a - +0 robe
rPois   ∞            (no helmet)
rElec   .            (no cloak)
rCorr   .            (no gloves)
SInv    .            (boots unavailable)
Will    .....        (no amulet)
Stlth   ++           (no ring)
HPRegen 0.25/turn    (no ring)
MPRegen 0.00/turn

%: infuse magic (-1 HP)
@: flying, very slightly contaminated
A: sickness immunity, fire resistance 2, cold vulnerability 1, float, innate
caster, HP casting, extra vitality 1
a: no special abilities


You were on level 2 of the Dungeon.
You visited 1 branch of the dungeon, and saw 2 of its levels.

You collected 23 gold pieces.

Inventory:

Armour
 a - a +0 robe (worn)
Scrolls
 b - 2 scrolls of identify {unknown}
 e - a scroll of blinking {unknown}
Potions
 c - a potion of flight {unknown}
 d - a potion of brilliance {unknown}


   Skills:
 + Level 2.5 Dodging
 + Level 1.8 Stealth
 + Level 3.6 Spellcasting


You knew the following spells:

 Your Spells              Type           Power      Damage    Failure   Level
a - Foxfire               Conj/Fire      68%        2x1d7     3%          1
b - Scorch                Fire           34%        2d6       4%          2
c - Volatile Blastmotes   Fire/Tloc      34%        2d12      10%         3
d - Inner Flame           Hex/Fire       17%        N/A       10%         3
e - Flame Wave            Conj/Fire      17%        2d7       32%         4
f - Necrotise             Necr           68%        1d7       3%          1
Your spell library was empty.

Dungeon Overview and Level Annotations

Branches:
Dungeon (2/15)

Altars:
Ashenzari

Annotations:
D:2 Terence


Innate Abilities, Weirdness & Mutations

You are immune to sickness and miasma.
You are immune to poison.
Your flesh is very heat resistant. (rF++)
You are vulnerable to cold. (rC-)
You float through the air rather than walking.
You learn spells naturally, not from books.
Your magical power is your life essence.
You have superior vitality. (+4 MHP)


Message History

The spell is quite dangerous to miscast (10% risk of failure)!
Continue anyway?
Aiming: Inner Flame (quite dangerous; 10% risk of failure)
Press: ? - help, Dir - move target, f/p - Terence
Aim: Terence, wielding a +0 flail and wearing a +0 ring mail (lightly wounded, chance to affect: 78%) Terence is filled with an inner flame.
Casting: Inner Flame (quite dangerous; 10% risk of failure)
Confirm with . or Enter, or press ? or * to list all spells.
Flames lash Terence.
Flame seeps out of Terence.
Terence is heavily wounded.
Terence's fire resistance burns away.
A bat comes into view.
Terence is engulfed in blazing flames.
Flame seeps out of Terence.
The bat moves out of view.
You conjure some foxfire!
Terence barely misses you.
You conjure some foxfire!
The foxfire hits Terence but does no damage.
Terence is heavily wounded.
Terence barely misses you.
Casting: Foxfire (safe; 3% risk of failure)
Confirm with . or Enter, or press ? or * to list all spells.
The spell is quite dangerous to miscast (10% risk of failure)!
Continue anyway?
Aiming: Inner Flame (quite dangerous; 10% risk of failure)
Press: ? - help, Dir - move target, f - jackal
Aim: a jackal (chance to affect: 84%)
You miscast Inner Flame.
Nothing appears to happen.
The foxfire hits the jackal.
The jackal is severely wounded.
The jackal closely misses you.
The foxfire hits the jackal.
You kill the jackal!
Terence closely misses you.
The foxfire hits Terence but does no damage.
Terence is heavily wounded.
Casting: Foxfire (safe; 3% risk of failure)
Press: ? - help, Q - select action, (/) - cycle Dir - look around, f - activate You conjure some foxfire!
Terence is no longer more vulnerable to fire.
Terence hits you with a +0 flail!
* * * LOW HITPOINT WARNING * * *
Terence attacks as you move away! Terence hits you with a +0 flail.
You die...

.##.##....##.#.#######...#.#...##
.#..# #####.#.### #PP.b#.#PP.P#
....# #.....# ##b.###.###.P#
#.### #####.# #...#..†..#...
..###### #.###bPP#.....#.##
......... #...#.PP#.....#b#.
##....... #.###..P#.....#.##
........######.###.P.#.....#...
.............v@v###PP#######.P#
.############.#@.##PPP...b.P..#
## P.. #.. ..# .P...P...## .P ###
#.# ###P.b.P### †# ####### .. ...
..


You could see Terence (inner flame, ally target).

Vanquished Creatures
  A gnoll (D:1)
  2 adders (D:2)
  2 worms (D:2)
  2 dart slugs
  3 endoplasms (D:2)
  5 hobgoblins
  A jackal (D:2)
  4 ball pythons (D:2)
  2 bats
  3 frilled lizards (D:2)
  4 goblins
  A kobold (D:2)
  2 rats (D:2)
32 creatures vanquished.

Vanquished Creatures (others)
  105 foxfires
105 creatures vanquished.

Grand Total: 137 creatures vanquished

Notes
Turn   | Place    | Note
-------+----------+-------------------------------------------
     0 | D:1      | 101zpm the Djinni Fire Elementalist began the quest for the
                  | Orb.
     0 | D:1      | 101zpm set off with the following spells memorised:
                  | Foxfire, Scorch, Volatile Blastmotes, Inner Flame, Flame
                  | Wave.
     0 | D:1      | Reached XP level 1. HP: 15/15 MP: 0/0
    19 | D:1      | Reached XP level 2. HP: 10/21 MP: 0/0
   178 | D:2      | Reached skill level 3 in Spellcasting
   226 | D:2      | Reached XP level 3. HP: 17/25 MP: 0/0
   226 | D:2      | Learned a level 1 spell: Necrotise
   342 | D:2      | Reached XP level 4. HP: 21/31 MP: 0/0
   548 | D:2      | Found a broken altar of Ashenzari.
   760 | D:2      | Noticed Terence
   770 | D:2      | Slain by Terence

Illustrated notes

Levels and vault maps discovered:
D:1:      minmay_arrival_arboretum_small, layout_basic
D:2:      layout_rooms, basic_altar, serial_aquarium, aquarium_bridge_square
          [aquarium_subvault_balcony, aquarium_subvault_bridge,
          aquarium_subvault_wall, aquarium_subvault_bridge],
          aquarium_bridge_island_small [aquarium_subvault_small_open,
          aquarium_subvault_bridge, aquarium_subvault_balcony,
          aquarium_subvault_wall, aquarium_subvault_wall], aquarium_window_fake,
          aquarium_window_double, aquarium_window_2, aquarium_view_2f,
          aquarium_view_2c, aquarium_pool_side, minmay_box_of_dots,
          uniq_jessica, uniq_terence

Skill      XL: |  1  2 |
---------------+-------+-----
Spellcasting   | 3 |  3.6
Dodging        | |  2.5
Stealth        | |  1.8

Action                     |  1- 3 |  4- 6 || total
---------------------------+-------+-------++-------
   Cast: Foxfire           |    31 |    37 ||    68
         Scorch            |     7 |     9 ||    16
         Inner Flame       |     3 |     4 ||     7
         Volatile Blastmot |       |     1 ||     1
  Dodge: Dodged            |     7 |     4 ||    11
